 Dungeon Crawl Stone Soup version 0.20.0-8-g6b59dc7 (webtiles) character file.

16019 tof the Brawler (level 12, 0/98 HPs)
             Began as a Troll Monk on June 1, 2017.
             Was a High Priest of Hepliaklqana.
             Slain by a seven-headed hydra (8 damage)
             ... on level 1 of the Lair of Beasts.
             The game lasted 00:49:29 (9925 turns).

tof the Brawler (Troll Monk)                        Turns: 9925, Time: 00:49:31

Health: 0/98       AC: 11    Str: 30    XL:     12   Next: 6%
Magic:  11/11      EV: 12    Int:  6    God:    Hepliaklqana [*****.]
Gold:   650        SH: 10    Dex: 14    Spells: 11/11 levels left

rFire    . . .     SeeInvis .     - Unarmed
rCold    . . .     Gourm    +   v - +0 shield
rNeg     . . .     Faith    .   L - +0 robe {MR+}
rPois    .         Spirit   .   (helmet restricted)
rElec    .         Reflect  .   g - +0 cloak
rCorr    .         Harm     .   (gloves unavailable)
MR       +....                  (boots unavailable)
Stlth    ++........             A - amulet of rage
Regen    0.7/turn               K - +4 ring of strength
MPRegen  0.2/turn               y - +3 ring of protection

@: about to teleport
A: unfitting armour, reduced essence, claws 3, icy blue scales 1, agile 1,
blink, fast metabolism 3, gourmand, regeneration 1, shaggy fur 1, tough skin 2,
wild magic 1
a: Blink, Recall Ancestor, Ancestor Identity, Transference, Idealise, Renounce
Religion, Evoke Berserk Rage


You were on level 1 of the Lair of Beasts.
You worshipped Hepliaklqana.
Hepliaklqana was extremely pleased with you.
You were completely stuffed.

You visited 3 branches of the dungeon, and saw 13 of its levels.
You also visited: Ossuary.

You collected 650 gold pieces.

Inventory:

Armour
 g - a +0 cloak (worn)
 v - a +0 shield (worn)
 L - a +0 robe of magic resistance (worn)
Jewellery
 u - an uncursed ring of flight
 y - a +3 ring of protection (right claw)
 A - an amulet of rage (around neck)
 B - a +4 ring of intelligence
 K - a +4 ring of strength (left claw)
Wands
 e - a wand of flame (17/48)
 x - a wand of digging (13/24)
 z - a wand of polymorph (8/24)
 E - a wand of paralysis (14/24)
 G - a wand of lightning (10/15)
 I - a wand of paralysis (16/24)
Scrolls
 a - a scroll of amnesia {unknown}
 c - 4 scrolls of magic mapping
 j - a scroll of recharging {unknown}
 l - 4 scrolls of teleportation
 q - 7 scrolls of remove curse
 s - 2 scrolls of fog {unknown}
 w - 2 scrolls of random uselessness {unknown}
 F - 2 scrolls of enchant armour {unknown}
 H - a scroll of fear {unknown}
 J - a scroll of blinking {unknown}
Potions
 h - a potion of agility
 i - a potion of brilliance
 k - 2 potions of might
 m - 3 potions of flight
 n - 4 potions of cancellation
 o - 7 potions of lignification
 p - 4 potions of heal wounds
 t - a potion of curing {unknown}
 C - a potion of ambrosia {unknown}
 D - 2 potions of magic {unknown}
Miscellaneous
 M - a box of beasts
Comestibles
 b - 8 bread rations
 d - 2 royal jellies
 f - 42 fruits
 r - 9 meat rations
 N - 3 chunks of flesh


   Skills:
 + Level 4.5 Fighting
 + Level 6.2 Dodging
 - Level 1.0 Stealth
 + Level 4.7 Shields
 * Level 16.2 Unarmed Combat
 + Level 0.6 Invocations
 + Level 0.4 Evocations


You had 11 spell levels left.
You didn't know any spells.

Dungeon Overview and Level Annotations

Branches:
Dungeon (11/15)            Temple (1/1) D:4            Lair (1/6) D:11
    Orc (0/2) D:11

Altars:
Ashenzari
Cheibriados
Dithmenos
Elyvilon
Fedhas
Gozag
Hepliaklqana
Kikubaaqudgha
Makhleb
Nemelex Xobeh
Okawaru
Qazlal
Ru
Sif Muna
Trog
Uskayaw
Vehumet
Xom
Yredelemnul
Zin
The Shining One

Shops:
D:10 %


Innate Abilities, Weirdness & Mutations

You are too large for most types of armour.
You have claws for hands.
Your metabolism is lightning-fast.
You like to eat raw meat.
Your natural rate of healing is unusually fast.
You are covered in fur. (AC +1)
You have very tough skin. (AC +2)
Your life essence is reduced. (-10% HP)
You are partially covered in icy blue scales. (AC +2)
You are agile. (Dex +2)
You can translocate small distances at will.
Your spells are a little harder to cast, but a little more powerful.


Message History

* * * LOW HITPOINT WARNING * * *
The six-headed hydra barely misses you.
The six-headed hydra closely misses you.
Dagmar hits the six-headed hydra with a dagger of draining!
Dagmar drains the six-headed hydra!
As you read the scroll of teleportation, it crumbles to dust.
You feel strangely unstable.
The six-headed hydra bites Dagmar.
The six-headed hydra bites Dagmar but does no damage. x2
The six-headed hydra closely misses Dagmar.
The six-headed hydra bites Dagmar! x2
Dagmar casts a spell at the six-headed hydra.
The six-headed hydra resists with almost no effort.
You rip one of the six-headed hydra's heads off!
The five-headed hydra grows two more!
You scratch the seven-headed hydra.
The seven-headed hydra is severely wounded.
You block the seven-headed hydra's attack.
The seven-headed hydra bites you.
* * * LOW HITPOINT WARNING * * *
The seven-headed hydra bites you!
You die...

#.#..##
#.......#
...#.#
###..#.##
#..#.#
##.###
.....# ##.#
###'##
#..### #.#
###'.#P#
###.######
#..[...#
.........#
#......#
.........#
#.R@...#
..........#
+..D...#
.........#.
#......P#
.........#
#......##
.........+
#......#
.........#
#......#
.........#
#.......
........
........#
.......


You could see the friendly Dagmar the hexer and a seven-headed hydra.

Vanquished Creatures
  3 death yaks
  2 two-headed ogres
  Nergalle (D:11)
  2 unseen horrors (D:10)
  The ghost of MTVSty1e the Ruffian, a novice DrTm of Gozag (D:6)
  A cyclops (D:11)
  A manticore (D:11)
  A centaur skeleton (D:11)
  A kobold demonologist (D:11)
  A tengu conjurer (D:10)
  A polar bear (Lair:1)
  A troll (D:10)
  2 hippogriffs
  A shadow (D:11)
  2 yaks (D:11)
  Eustachio (D:5)
  Grum (D:10)
  Menkaure (D:5)
  2 hungry ghosts
  2 water moccasins
  Duvessa (D:6)
  A porcupine (Lair:1)
  4 orc warriors
  An eye of draining (D:8)
  2 ogres
  2 ice beasts
  2 phantoms
  4 black bears
  A sky beast (D:8)
  2 wolves (D:10)
  6 centaurs
  2 crocodiles (Lair:1)
  6 bullfrogs
  2 gnoll sergeants
  A water moccasin zombie (Ossuary)
  3 scorpions
  21 wights
  A centaur zombie (D:8)
  2 crimson imps
  3 bullfrog zombies
  4 jellies
  4 hounds
  2 gnoll shamans
  3 orc priests
  10 orc wizards
  Natasha (thrice) (D:3)
  2 iguanas
  8 worker ants
  3 big kobold zombies (Ossuary)
  A hound zombie (D:10)
  4 hound skeletons
  3 mummies
  14 gnolls
  A worker ant zombie (D:9)
  10 adders
  A shadow imp (D:5)
  6 adder zombies (Ossuary)
  An adder skeleton (D:4)
  A worm (D:3)
  3 dart slugs
  5 leopard geckos
  39 orcs
  2 giant cockroaches
  2 gnoll zombies (Ossuary)
  8 goblins
  7 hobgoblins
  10 jackals
  3 quokkas
  A ball python (D:5)
  9 bats
  5 frilled lizards
  6 hobgoblin zombies (Ossuary)
  3 kobolds
  5 kobold zombies
  4 orc zombies (Ossuary)
  A quokka skeleton (D:8)
  16 rats
305 creatures vanquished.

Vanquished Creatures (collateral kills)
  Maurice (D:9)
  A polar bear (Lair:1)
  A hippogriff (D:7)
  A water moccasin (Lair:1)
  A sky beast (D:11)
  A hornet zombie (D:10)
  An ogre (D:8)
  A black bear (D:8)
  A bullfrog (D:11)
  Dowan (D:6)
  3 orc priests
  A worker ant (D:6)
  7 orcs
  A jackal (D:5)
  A gnoll zombie (Ossuary)
  A jackal skeleton (D:8)
  A quokka zombie (D:5)
25 creatures vanquished.

Vanquished Creatures (others)
  2 hexers (D:10)
  A quokka (D:10)
3 creatures vanquished.

Grand Total: 333 creatures vanquished

Notes
Turn   | Place    | Note
-------+----------+-------------------------------------------
     0 | D:1      | tof the Troll Monk began the quest for the Orb.
     0 | D:1      | Reached XP level 1. HP: 22/22 MP: 0/0
    28 | D:1      | Reached XP level 2. HP: 29/29 MP: 1/1
   283 | D:1      | Reached XP level 3. HP: 33/36 MP: 2/2
   314 | D:1      | You fall through a shaft!
   838 | D:2      | Reached XP level 4. HP: 44/44 MP: 3/3
   850 | D:2      | Reached skill level 4 in Unarmed Combat
  1282 | D:3      | Noticed Natasha
  1285 | D:3      | Killed Natasha
  1317 | D:3      | Reached XP level 5. HP: 52/52 MP: 4/4
  1326 | D:3      | Reached skill level 5 in Unarmed Combat
  1386 | D:3      | Noticed Natasha
  1391 | D:3      | Killed Natasha
  1447 | D:3      | Noticed Natasha
  1458 | D:3      | Killed Natasha
  1533 | D:3      | Found a shattered altar of Ashenzari.
  1539 | D:3      | Reached XP level 6. HP: 61/61 MP: 5/5
  1599 | D:3      | Reached skill level 6 in Unarmed Combat
  1713 | D:4      | Found a staircase to the Ecumenical Temple.
  1719 | Temple   | Entered the Ecumenical Temple
  1804 | Temple   | Became a worshipper of Hepliaklqana the Forgotten
  1804 | Temple   | Reached * piety under Hepliaklqana
  1804 | Temple   | Reached ** piety under Hepliaklqana
  1805 | Temple   | Remembered your ancestor Dagmar as a hexer
  1882 | D:4      | Reached skill level 7 in Unarmed Combat
  1882 | D:4      | Reached XP level 7. HP: 60/60 MP: 6/6
  2212 | D:5      | Entered Level 5 of the Dungeon
  2270 | D:5      | Found a sand-covered staircase.
  2335 | Ossuary  | Entered an ossuary
  2910 | D:5      | Reached *** piety under Hepliaklqana
  2962 | D:5      | Gained mutation: You are frail. (-10% HP) [potion of mutation]
  2962 | D:5      | Gained mutation: You have a pair of small antennae on your head. [potion of mutation]
  2962 | D:5      | Lost mutation: You are frail. (-10% HP) [potion of mutation]
  2963 | D:5      | Lost mutation: You have a pair of small antennae on your head. [potion of mutation]
  2963 | D:5      | Gained mutation: You tend to lose your temper in combat. [potion of mutation]
  2963 | D:5      | Gained mutation: Your spells are a little easier to cast, but a little less powerful. [potion of mutation]
  2963 | D:5      | Gained mutation: Your mind is acute. (Int +2) [potion of mutation]
  2964 | D:5      | Lost mutation: Your spells are a little easier to cast, but a little less powerful. [potion of mutation]
  2964 | D:5      | Lost mutation: You tend to lose your temper in combat. [potion of mutation]
  2964 | D:5      | Gained mutation: You are robust. (+10% HP) [potion of mutation]
  2964 | D:5      | Gained mutation: Your flesh is cold resistant. (rC+) [potion of mutation]
  2964 | D:5      | Gained mutation: You have very sharp teeth. [potion of mutation]
  3003 | D:5      | Reached skill level 8 in Unarmed Combat
  3330 | D:5      | Noticed a hippogriff
  3336 | D:5      | Killed a hippogriff
  3336 | D:5      | Reached XP level 8. HP: 55/75 MP: 7/7
  3489 | D:5      | Noticed Eustachio
  3628 | D:5      | Reached skill level 9 in Unarmed Combat
  3649 | D:5      | Killed Eustachio
  3729 | D:5      | Noticed Menkaure
  3735 | D:5      | Killed Menkaure
  3735 | D:5      | Reached skill level 10 in Unarmed Combat
  4154 | D:6      | Reached skill level 1 in Shields
  4227 | D:6      | Noticed MTVSty1e's ghost (novice DrTm)
  4824 | D:6      | Killed MTVSty1e's ghost
  4824 | D:6      | Reached skill level 11 in Unarmed Combat
  4824 | D:6      | Reached XP level 9. HP: 39/83 MP: 8/8
  5062 | D:6      | Lost mutation: Your mind is acute. (Int +2) [potion of mutation]
  5062 | D:6      | Lost mutation: Your flesh is cold resistant. (rC+) [potion of mutation]
  5062 | D:6      | Lost mutation: You have very sharp teeth. [potion of mutation]
  5062 | D:6      | Lost mutation: You are robust. (+10% HP) [potion of mutation]
  5062 | D:6      | Gained mutation: You can translocate small distances at will. [potion of mutation]
  5062 | D:6      | Gained mutation: You are partially covered in icy blue scales. (AC +2) [potion of mutation]
  5062 | D:6      | Gained mutation: You are agile. (Dex +2) [potion of mutation]
  5062 | D:6      | Gained mutation: Your spells are a little harder to cast, but a little more powerful. [potion of mutation]
  5300 | D:7      | Noticed Duvessa
  5300 | D:7      | Noticed Dowan
  5335 | D:6      | Killed Dowan
  5347 | D:6      | Killed Duvessa
  5455 | D:7      | Reached **** piety under Hepliaklqana
  5566 | D:7      | Reached skill level 12 in Unarmed Combat
  5764 | D:7      | You fall through a shaft!
  5834 | D:8      | Reached XP level 10. HP: 65/82 MP: 4/9
  6022 | D:8      | Reached skill level 5 in Dodging
  6078 | D:8      | Noticed a two-headed ogre
  6097 | D:8      | Killed a two-headed ogre
  6097 | D:8      | Reached skill level 13 in Unarmed Combat
  6628 | D:9      | Noticed Maurice
  6638 | D:9      | Killed Maurice
  6815 | D:9      | Reached skill level 14 in Unarmed Combat
  7119 | D:10     | Entered Level 10 of the Dungeon
  7124 | D:10     | Noticed Grum
  7138 | D:10     | Killed Grum
  7206 | D:10     | Killed an unseen horror
  7206 | D:10     | Reached XP level 11. HP: 57/90 MP: 10/10
  7474 | D:10     | Reached ***** piety under Hepliaklqana
  7582 | D:10     | Noticed a two-headed ogre
  7589 | D:10     | Killed a two-headed ogre
  7701 | D:10     | Found a white marble altar of Elyvilon.
  7728 | D:10     | Found Kyez's Food Emporium.
  8000 | D:10     | Killed an unseen horror
  8000 | D:10     | Reached skill level 15 in Unarmed Combat
  8282 | D:11     | Found a blossoming altar of Fedhas.
  8378 | D:11     | Noticed a death yak
  8378 | D:11     | Noticed a death yak
  8383 | D:11     | Noticed a death yak
  8661 | D:10     | Killed a death yak
  8669 | D:10     | Killed a death yak
  8780 | D:11     | Noticed Nergalle
  8786 | D:11     | Killed Nergalle
  8935 | D:11     | Killed a death yak
  8977 | D:11     | Found a staircase to the Orcish Mines.
  8988 | D:11     | Found a staircase to the Lair.
  9095 | D:11     | Reached skill level 16 in Unarmed Combat
  9555 | Lair:1   | Entered Level 1 of the Lair of Beasts
  9624 | Lair:1   | Reached XP level 12. HP: 89/98 MP: 11/11
  9916 | Lair:1   | Noticed a four-headed hydra
  9925 | Lair:1   | Slain by a seven-headed hydra

Skill      XL: |  1  2  3  4  5  6  7  8  9 10 11 |
---------------+----------------------------------+-----
Dodging        | 3 4 5 6 |  6.2
Unarmed Combat | 4 5 7 8 11 12 14 16 | 16.2
Fighting       | 3 4 |  4.5
Shields        | 1 3 4 |  4.7
Stealth        | |  1.0
Invocations    | |  0.6
Evocations     | |  0.4

Action                   |  1- 3 |  4- 6 |  7- 9 | 10-12 || total
-------------------------+-------+-------+-------+-------++-------
Melee: Unarmed           |    98 |   117 |   347 |   370 ||   932
       Punch             |     1 |     3 |     5 |       ||     9
       Bite              |       |       |    10 |       ||    10
Invok: Ancestor Life: He |       |     1 |       |       ||     1
       Ancestor Identity |       |     1 |       |       ||     1
       Recall Ancestor   |       |       |     1 |     2 ||     3
       Transference      |       |       |       |     3 ||     3
 Abil: Blink             |       |       |     1 |     2 ||     3
       Evoke Berserk Rag |       |       |       |     1 ||     1
  Use: Scroll            |       |     8 |     4 |     6 ||    18
       Potion            |       |       |     4 |     1 ||     5
 Stab: Sleeping          |     4 |     1 |     3 |     4 ||    12
       Distracted        |       |       |     3 |     2 ||     5
       Confused          |       |       |     1 |     1 ||     2
  Eat: Chunk             |    11 |    11 |    41 |    46 ||   109
Armor: Robe              |    39 |    40 |    80 |    86 ||   245
Dodge: Dodged            |    37 |    53 |   121 |   103 ||   314
Block: Shield            |       |       |    62 |   129 ||   191
